 Dungeon Sprint DCSS version 0.26-a0-649-gf8c6c3aab7 (webtiles) character file.

Game seed: 5285292095162874967

6 sahdkjhfkaj the Purveyor of Pain (level 1, 0/15 HPs)
             Began as a Naga Necromancer on Sept 27, 2020.
             Was an Initiate of Kikubaaqudgha.
             Slain by a river rat (5 damage)
             ... in the Dungeon (Sprint VII: "The Pits").
             The game lasted 00:00:45 (392 turns).

sahdkjhfkaj the Purveyor of Pain (Naga Necromancer)  Turns: 392, Time: 00:00:45

Health: 0/15       AC:  1    Str: 10    XL:     1   Next: 90%
Magic:  1/4        EV: 10    Int: 15    God:    Kikubaaqudgha [......]
Gold:   0          SH:  0    Dex: 11    Spells: 4/5 levels left

rFire    . . .     SeeInvis +   (no weapon)
rCold    . . .     Faith    .   (no shield)
rNeg     . . .     Spirit   .   a - +0 robe
rPois    +         Reflect  .   (no helmet)
rElec    .         Harm     .   (no cloak)
rCorr    .         Rampage  .   (no gloves)
MR       .....     NoTele   +   (no barding)
Stlth    ++........             (no amulet)
HPRegen  0.05/turn              (no ring)
MPRegen  0.09/turn              (no ring)

@: very slow
A: large, see invisible, deformed body, poison resistance, slowness 2, spit
poison 1, AC +0
a: Spit Poison, Renounce Religion


You were in the Dungeon.
You worshipped Kikubaaqudgha.
Kikubaaqudgha was noncommittal.
You visited 1 branch

Inventory:

Armour
 a - a +0 robe (worn)
Scrolls
 g - 3 scrolls of remove curse
 h - a scroll of blinking
 i - 5 scrolls of amnesia
 j - a scroll of summoning
 k - 2 scrolls of vulnerability
Potions
 b - 2 potions of berserk rage
 c - 2 potions of invisibility
 e - a potion of haste
 f - 4 potions of magic


   Skills:
 - Level 1.5 Dodging
 - Level 3.0 Stealth
 + Level 2.8 Spellcasting
 - Level 5.0 Necromancy


You had 4 spell levels left.
You knew the following spells:

 Your Spells              Type           Power        Failure   Level
a - Pain                  Necr           ###.         2%          1

Your spell library contained the following spells:

 Spells                   Type           Power        Failure   Level
 Animate Skeleton         Necr           ###...       2%          1
 Vampiric Draining        Necr           ###.......   8%          3
 Animate Dead             Necr           ###.......   26%         4
 Agony                    Necr           ###.....     58%         5


Dungeon Overview and Level Annotations

Branches:
Dungeon (1/1)

Altars:
Ashenzari
Cheibriados
Dithmenos
Elyvilon
Fedhas
Gozag
Hepliaklqana
Kikubaaqudgha
Makhleb
Nemelex Xobeh
Okawaru
Qazlal
Ru
Sif Muna
Trog
Uskayaw
Vehumet
Wu Jian
Xom
Yredelemnul
Zin
The Shining One
Beogh
Jiyva
Lugonu


Innate Abilities, Weirdness & Mutations

You cannot wear boots.
Your serpentine skin is tough. (AC +0)
You have supernaturally acute eyesight. (SInv)
Armour fits poorly on your strangely shaped body.
Your system is resistant to poisons. (rPois)
You cover ground very slowly.
You can spit poison.


Message History

The river rat is almost dead.
The river rat closely misses you.
You hit the river rat but do no damage.
The river rat is almost dead.
The river rat bites you but does no damage.
You hit the river rat but do no damage.
The river rat is almost dead.
The river rat bites you.
* * * LOW HITPOINT WARNING * * *
You feel much better. The river rat bites you!
Ouch! That really hurt!
Your magical contamination has completely faded away.
You closely miss the river rat.
The river rat is almost dead.
The river rat bites you.
You hit the river rat.
The river rat is almost dead.
The river rat bites you.
You die...
Kikubaaqudgha rasps: "You have failed me!
Welcome... death!"

#_________.#
#_______...###########++
##########'##...........
#..(.')))'.##......#..#.
##########.##...........
#.......†...'...........
#+#####'#####......#..#.
#..#..##...........
+.@rK.#####'#####++
####+###.......#
#.......# #.......#
#...<...# #.......#
#.......# #.......#
#########


You could see a river rat and a kobold.

Vanquished Creatures
  An ooze (D)
  A bat (D)
2 creatures vanquished.

Notes
Turn   | Place    | Note
-------+----------+-------------------------------------------
     0 | D        | sahdkjhfkaj the Naga Necromancer began the quest for the
                  | Orb.
     0 | D        | Reached XP level 1. HP: 15/15 MP: 3/3
    30 | D        | Reached skill level 5 in Necromancy
   303 | D        | Found a bloodstained altar of Trog.
   303 | D        | Found a shimmering blue altar of Sif Muna.
   303 | D        | Found a viscous altar of Jiyva.
   303 | D        | Found a hazy altar of Hepliaklqana.
   303 | D        | Found an opulent altar of Gozag.
   304 | D        | Found a glowing golden altar of the Shining One.
   304 | D        | Found a glowing silver altar of Zin.
   304 | D        | Found a basalt altar of Yredelemnul.
   304 | D        | Found a shimmering altar of Xom.
   304 | D        | Found an ornate altar of the Wu Jian Council.
   304 | D        | Found a sacrificial altar of Ru.
   304 | D        | Found a stormy altar of Qazlal.
   304 | D        | Found an iron altar of Okawaru.
   304 | D        | Found a sparkling altar of Nemelex Xobeh.
   304 | D        | Found a burning altar of Makhleb.
   304 | D        | Found a blossoming altar of Fedhas.
   304 | D        | Found a white marble altar of Elyvilon.
   304 | D        | Found a shadowy altar of Dithmenos.
   304 | D        | Found a snail-covered altar of Cheibriados.
   305 | D        | Found a radiant altar of Vehumet.
   305 | D        | Found a corrupted altar of Lugonu.
   305 | D        | Found a roughly hewn altar of Beogh.
   306 | D        | Found a hide-covered altar of Uskayaw.
   306 | D        | Found an ancient bone altar of Kikubaaqudgha.
   306 | D        | Found a broken altar of Ashenzari.
   314 | D        | Became a worshipper of Kikubaaqudgha
   392 | D        | Slain by a river rat

Illustrated notes

Levels and vault maps discovered:
D:        pitsprint [storerooms_1, entrance_room_1, metal_vault_6, armoury_2,
          mini_pit_1, grid_room_1, main_hall_1, silver_pit, the_coven_1,
          the_vestibule_1, steel_vault_2, golden_pit, hallway_of_sentries,
          crystal_vault_4, iron_vault_5, final_vault]

Skill      XL: |  1 |
---------------+----+-----
Necromancy     | 5 |  5.0
Dodging        | |  1.5
Stealth        | |  3.0
Spellcasting   | |  2.8

Action                   || total
-------------------------++-------
Melee: Unarmed           ||    11
 Cast: Pain              ||     7
 Abil: Spit Poison       ||     2
  Use: Potion            ||     3
Armor: Robe              ||     1
Dodge: Dodged            ||    10

Table legend: (Time is in decaauts)
 A = Elapsed time spent in this place.
 B = Non-inter-level travel time spent in this place.
 C = Inter-level travel time spent in this place.
 D = Time resting spent in this place.
 E = Time spent auto-exploring this place.
 F = Levels seen in this place.
 G = Mean time per level.
                   A        B        C        D        E       F      G
               +--------+--------+--------+--------+--------+-----+--------+
         Total |    434 |    434 |      0 |    297 |      0 |   1 |  434.0 |
       Dungeon |    434 |    434 |      0 |    297 |      0 |   1 |  434.0 |
               +--------+--------+--------+--------+--------+-----+--------+

Top non-repeatable levels by time:
       D: 434 daAuts
